 Dungeon Crawl Stone Soup version 0.30.1-9-gdf580d7c3d (webtiles) character file.

Game seed: 3300086335248641778

1022 lonewolfV2 the Chopper (level 8, -4/62 HPs)
             Began as a Formicid Fighter on Oct 3, 2023.
             Was an Initiate of Gozag.
             Killed from afar by a steam dragon (24 damage)
             ... with a ball of steam
             ... on level 6 of the Dungeon.
             The game lasted 00:06:36 (6674 turns).

lonewolfV2 the Chopper (Formicid Fighter)           Turns: 6674, Time: 00:06:37

Health: -4/62      AC:  7    Str: 23    XL:     8   Next: 46%
Magic:  8/8        EV: 10    Int:  8    God:    Gozag
Gold:   172        SH:  6    Dex: 13    Spells: 7/7 levels left

rFire   . . .        a - +0 war axe
rCold   . . .        c - +1 buckler
rNeg    . . .        b - +0 scale mail
rPois   .            (helmet unavailable)
rElec   .            (no cloak)
rCorr   .            (no gloves)
SInv    +            (no boots)
Will    .....        (no amulet) Stlth
                     (no ring)
HPRegen 0.30/turn    (no ring)
MPRegen 0.11/turn

%: no passive effects
@: no status effects
A: permanent stasis, dig shafts and tunnels, antennae 3, four strong arms
a: Dig, Shaft Self, Renounce Religion, Potion Petition, Call Merchant, Bribe
Branch


You were on level 6 of the Dungeon.
You worshipped Gozag.
Gozag was aware of your devotion.
You visited 2 branches of the dungeon, and saw 7 of its levels.
You also visited: Sewer.

You collected 233 gold pieces.
You paid 61 gold pieces to Gozag.

Inventory:

Hand Weapons
 a - a +0 war axe (weapon)
Missiles
 k - a throwing net
Armour
 b - a +0 scale mail (worn)
 c - a +1 buckler (worn)
Wands
 o - a wand of iceblast (8)
 q - a wand of flame (10)
Scrolls
 e - 10 scrolls of teleportation
 g - 2 scrolls of magic mapping
 m - 2 scrolls of blinking
 p - a scroll of butterflies
Potions
 d - 5 potions of might
 f - 3 potions of heal wounds
 h - a potion of attraction
 i - 2 potions of cancellation
 j - 2 potions of curing
 l - 3 potions of flight
 n - a potion of berserk rage
 r - a potion of magic {unknown}


   Skills:
 + Level 5.2 Fighting
 + Level 6.3 Axes
 + Level 5.5 Armour
 + Level 2.2 Dodging
 + Level 0.2 Stealth
 + Level 5.8 Shields


You had 7 spell levels left.
You didn't know any spells.
Your spell library contained the following spells:

 Spells                   Type           Power      Damage    Failure   Level
 Slow                     Hex            0%         N/A       77%         1
 Ensorcelled Hibernation  Hex/Ice        0%         N/A       88%         2
 Passwall                 Tmut/Erth      0%         N/A       88%         2
 Confusing Touch          Hex            0%         N/A       98%         3
 Vampiric Draining        Necr           0%         2d6       98%         3
 Swiftness                Air            Unusable   N/A       N/A         3

Dungeon Overview and Level Annotations

Branches:
Dungeon (6/15)             Temple (1/1) D:5           Sewer (visited)

Altars:
Ashenzari
Elyvilon
Gozag
Kikubaaqudgha
Makhleb
Qazlal
Ru
Trog
Vehumet
Wu Jian
Xom
Yredelemnul
Zin

Annotations:
D:5 1 transporter, Dillybarz's ghost, amateur MiFi


Innate Abilities, Weirdness & Mutations

You cannot be hasted, slowed, berserked, paralysed or teleported.
You can dig through walls and to a lower floor.
You have a pair of large antennae on your head. (SInv)
Your four strong arms can wield two-handed weapons with a shield.


Message History

* * * LOW HITPOINT WARNING * * *
You hit the steam dragon.
The steam dragon is severely wounded.
The steam dragon breathes steam at you. The ball of steam misses you.
You hit the steam dragon.
The steam dragon is severely wounded.
You are engulfed in a cloud of scalding steam.
The steam dragon breathes steam at you. The ball of steam misses you.
You block the steam dragon's attack.
The steam dragon claws you but does no damage.
You closely miss the steam dragon.
The steam dragon is severely wounded.
You are engulfed in a cloud of scalding steam.
* * * LOW HITPOINT WARNING * * *
The steam dragon barely misses you.
The steam dragon claws you but does no damage.
You feel much better. You block the steam dragon's attack.
The steam dragon barely misses you.
You hit the steam dragon.
The steam dragon is almost dead.
The steam dragon breathes steam at you. The ball of steam misses you.
You barely miss the steam dragon.
The steam dragon is almost dead.
You are engulfed in a cloud of scalding steam.
You block the steam dragon's attack. x2
You barely miss the steam dragon.
The steam dragon is almost dead.
You are engulfed in a cloud of scalding steam.
The steam dragon bites you!
* * * LOW HITPOINT WARNING * * *
You block the steam dragon's attack. The steam dragon bites you.
* * * LOW HITPOINT WARNING * * *
You block the steam dragon's attack.
You feel better. The steam dragon breathes steam at you.
The ball of steam hits you!!
You die...
Your body crumbles into a pile of gold.

#........bbb...#
#........b####.#
#......b..# #.##
#..bb...b.# #b.##
#.b....bb.# ##..# #
##..bbb.b## ##.# ..
#...b.....### #.# #.#
#.....bb....# #§#...#
#....b...{#..# #@D.#
#..b.....b##..##§....###
#.........# #.#..#.#.###
##...b...## ...##.# #
##.....## ... .# #######
#### #


You could see a steam dragon (catching breath).

Vanquished Creatures
  An ogre (D:4)
  A phantom (D:5)
  A bullfrog (Sewer)
  2 scorpions
  5 hounds
  3 orc priests
  A jelly (D:4)
  Crazy Yiuf (D:5)
  3 iguanas
  An orc wizard (D:5)
  7 adders
  3 gnolls (D:3)
  A shadow imp (D:5)
  5 worms
  23 orcs
  7 endoplasms
  14 giant cockroaches
  3 goblins
  5 hobgoblins
  8 jackals
  10 quokkas
  11 ball pythons
  8 bats
  8 frilled lizards
  6 kobolds
  23 rats
161 creatures vanquished.

Notes
Turn   | Place    | Note
-------+----------+-------------------------------------------
     0 | D:1      | lonewolfV2 the Formicid Fighter began the quest for the
                  | Orb.
     0 | D:1      | Reached XP level 1. HP: 18/18 MP: 1/1
    39 | D:1      | Reached XP level 2. HP: 18/24 MP: 2/2
   248 | D:1      | Reached XP level 3. HP: 29/29 MP: 3/3
  1231 | D:2      | Reached skill level 3 in Axes
  1231 | D:2      | Reached XP level 4. HP: 5/35 MP: 4/4
  1896 | D:2      | Reached skill level 1 in Dodging
  1900 | D:2      | Reached XP level 5. HP: 13/42 MP: 5/5
  2550 | D:3      | Found a glowing drain.
  2568 | Sewer    | Entered a sewer
  2699 | Sewer    | Reached XP level 6. HP: 45/48 MP: 6/6
  2809 | Sewer    | Reached skill level 4 in Axes
  2809 | Sewer    | Reached skill level 5 in Shields
  3197 | D:3      | Found a stormy altar of Qazlal.
  3324 | D:3      | Found a radiant altar of Vehumet.
  4060 | D:4      | Reached XP level 7. HP: 36/55 MP: 7/7
  4225 | D:4      | Reached skill level 5 in Axes
  4761 | D:4      | Reached skill level 5 in Armour
  5127 | D:5      | Entered Level 5 of the Dungeon
  5188 | D:5      | Reached XP level 8. HP: 21/61 MP: 8/8
  5344 | D:5      | Found a transporter.
  5349 | D:5      | Noticed Dillybarz's ghost (amateur MiFi)
  5438 | D:5      | Found a sacrificial altar of Ru.
  5451 | D:5      | Reached skill level 5 in Fighting
  5615 | D:5      | Reached skill level 6 in Axes
  5783 | D:5      | Found a runed translucent door.
  5784 | D:5      | Noticed Crazy Yiuf
  5908 | D:5      | Found a broken altar of Ashenzari.
  5913 | D:5      | Saw a vision of the Swamp and the Spider Nest.
  5913 | D:5      | Noticed a boulder beetle
  5913 | D:5      | Noticed a steelbarb worm
  5913 | D:5      | Noticed a radroach
  5913 | D:5      | Noticed a wolf spider
  5913 | D:5      | Noticed a tyrant leech
  5913 | D:5      | Noticed a swamp dragon
  5913 | D:5      | Noticed a four-headed hydra
  5913 | D:5      | Noticed a spriggan druid
  5913 | D:5      | Noticed a demonic crawler
  5914 | D:5      | Noticed a wolf spider
  5914 | D:5      | Noticed a tarantella
  5917 | D:5      | Noticed a demonic crawler
  5917 | D:5      | Noticed a bog body
  5918 | D:5      | Noticed a jumping spider
  5985 | D:5      | Found a staircase to the Ecumenical Temple.
  6020 | Temple   | Entered the Ecumenical Temple
  6035 | Temple   | Became a worshipper of Gozag Ym Sagoz the Greedy
  6102 | D:5      | Found an ornate altar of the Wu Jian Council.
  6535 | D:5      | Killed Crazy Yiuf
  6674 | D:6      | Killed from afar by a steam dragon

Illustrated notes

Levels and vault maps discovered:
D:1:      mrwooster_arrival_statue_2, layout_basic, serial_forest,
          infiniplex_forest_lined_1, infiniplex_forest_lined_corner,
          infiniplex_forest_lined_room_2, infiniplex_forest_lined_2,
          infiniplex_forest_lined_corner, infiniplex_forest_straight_5
D:2:      layout_basic
D:3:      layout_basic, nicolae_overflow_crystal_walls,
          nicolae_vehumet_altar_sigil, cheibrodos_sewer_entry_drain,
          minmay_misc_feat_chi, minmay_rat_hole
D:4:      layout_basic
D:5:      layout_loops_ring, nzn_wu_jian_council_hall, nicolae_ru_awakened_eye,
          grunt_ashenzari_visionary [grunt_ashenzari_visionary_swamp,
          grunt_ashenzari_visionary_spider], minmay_temple_entry_trees,
          gammafunk_ghost_mausoleum, uniq_crazy_yiuf_cottage
D:6:      layout_rooms, lemuel_doored_altar, mainiacjoe_overflow_alcove_4,
          tgw_fedhas
Temple:   hellmonk_temple_two_chambers

Skill      XL: |  1  2  3  4  5  6  7  8 |
---------------+-------------------------+-----
Axes           | 3 4 5 6 |  6.3
Armour         | 4 5 |  5.5
Dodging        | 1 2 |  2.2
Fighting       | 4 5 |  5.2
Shields        | 5 |  5.8
Stealth        | |  0.2

Action                     |  1- 3 |  4- 6 |  7- 9 || total
---------------------------+-------+-------+-------++-------
  Melee: War axe           |   101 |   221 |   179 ||   501
    Use: Scroll            |       |     8 |     7 ||    15
         Potion            |       |       |     5 ||     5
 Armour: Scale mail        |    86 |   129 |    51 ||   266
  Dodge: Dodged            |    67 |   143 |    93 ||   303
  Block: Buckler           |    51 |    86 |    61 ||   198
